 Dungeon Crawl Stone Soup version 0.23.2-40-g277498a001 (webtiles) character file.

Game seed: 8616937773887120080

3639 Htamos the Covert (level 10, 0/61 HPs)
             Began as a Kobold Conjurer on Sept 4, 2019.
             Was a Priest of Vehumet.
             Killed from afar by an orc (13 damage)
             ... with a wand of acid (6)
             ... on level 8 of the Dungeon on Sept 5, 2019.
             The game lasted 00:34:37 (13017 turns).

Htamos the Covert (Kobold Conjurer)                Turns: 13017, Time: 00:34:37

Health: 0/61       AC: -3    Str:  5      XL:     10   Next: 33%
Magic:  12/18      EV: 21    Int: 19 (20) God:    Vehumet [***...]
Gold:   388        SH:  0    Dex: 16      Spells: 2/20 levels left

rFire    . . .     SeeInvis .   w - +4 spear (distort)
rCold    . . .     Gourm    .   (shield restricted)
rNeg     . . .     Faith    .   (no armour)
rPois    .         Spirit   .   j - +0 helmet
rElec    .         Reflect  .   (no cloak)
rCorr    .         Harm     .   (no gloves)
MR       .....                  (no boots)
Stlth    ++++......             (no amulet)
HPRegen  0.20/turn              (no ring)
MPRegen  0.16/turn              (no ring)

@: corroded
A: small, blink, carnivore, deterioration 1, subdued magic 1
a: Blink, Renounce Religion


You were on level 8 of the Dungeon.
You worshipped Vehumet.
Vehumet was most pleased with you.
You were very full.

You visited 1 branch of the dungeon, and saw 8 of its levels.
You also visited: Sewer.

You collected 388 gold pieces.

Inventory:

Hand Weapons
 h - a +0 spear
 k - a +0 blowgun
 v - a +0 falchion
 w - a +4 spear of distortion (weapon)
Missiles
 e - 56 poisoned needles
 G - 2 tomahawks (quivered)
Armour
 a - a +0 robe
 b - a +0 leather armour
 j - a +0 helmet (worn)
 m - a +3 leather armour of poison resistance
 y - a +1 scale mail of cold resistance
Jewellery
 B - a cursed -2 ring of dexterity {unknown}
 C - an uncursed amulet of faith {unknown}
Wands
 p - a wand of paralysis (9)
 F - a wand of random effects (24)
Scrolls
 d - 6 scrolls of teleportation
 g - 4 scrolls of remove curse
 i - a scroll of amnesia
 l - 2 scrolls of blinking
 t - 6 scrolls of identify
 A - a scroll of enchant armour
 H - a scroll of brand weapon {unknown}
Potions
 f - a potion of brilliance
 n - 2 potions of curing {unknown}
 o - 3 potions of flight {unknown}
 q - 2 potions of invisibility {unknown}
 r - 4 potions of heal wounds {unknown}
 s - a potion of agility {unknown}
 u - 3 potions of might {unknown}
 x - 2 potions of magic {unknown}
 z - a potion of lignification {unknown}
 D - a potion of berserk rage
 E - a potion of cancellation
Comestibles
 c - 13 rations


   Skills:
 + Level 6.6 Fighting
 + Level 2.3 Polearms
 + Level 8.1 Dodging
 + Level 9.4 Stealth
 + Level 5.6 Spellcasting
 + Level 7.6 Conjurations
 + Level 1.2 Evocations


You had 2 spell levels left.
You knew the following spells:

 Your Spells              Type           Power        Failure   Level  Hunger
a - Magic Dart            Conj           ####         1%          1    None
b - Searing Ray           Conj           ####..       1%          2    None
c - Iskenderun's Mystic   Conj           ####....     1%          4    ####...
d - Force Lance           Conj/Tloc      ###.....     5%          4    ####...
e - Sting                 Conj/Pois      ###.         1%          1    None
f - Throw Frost           Conj/Ice       ###...       1%          2    None
g - Sticky Flame          Conj/Fire      ###.....     5%          4    ####...

Your spell library contained the following spells:

 Spells                   Type           Power        Failure   Level  Hunger
 Infusion                 Chrm           #...         10%         1    None
 Shroud of Golubria       Chrm/Tloc      #.........   16%         2    None
 Song of Slaying          Chrm           #.......     16%         2    None
 Dazzling Spray           Conj/Hex       ###...       1%          3    ##.....
 Fulminant Prism          Conj/Hex       ###.......   5%          4    ####...
 Regeneration             Chrm/Necr      #.........   30%         3    ##.....
 Spectral Weapon          Hex/Chrm       #.......     30%         3    ##.....


Dungeon Overview and Level Annotations

Branches:
Dungeon (8/15)             Temple (0/1) D:6
   Lair: D:8-11

Altars:
Ashenzari
Cheibriados
Dithmenos
Nemelex Xobeh
Okawaru
Qazlal
Sif Muna
Vehumet
Xom
Yredelemnul
Zin

Shops:
D:8 (

Annotations:
D:3 exclusion: downstairs
D:4 3 runed translucent doors, EtherCrawl's ghost, amateur TrWr; PeSeC's ghost, amateur MiFi; bryzzwind's ghost, amateur DrTm; oldnick's ghost, amateur DEWz


Innate Abilities, Weirdness & Mutations

You are small and have problems with some larger weapons.
You are carnivorous and can eat meat at any time.
You can translocate small distances at will.
Your body sometimes deteriorates upon taking damage.
Your spells are a little easier to cast, but a little less powerful.


Message History

* * * LOW HITPOINT WARNING * * *
Casting: Magic Dart (safe; 1% risk of failure)
Confirm with . or Enter, or press ? or * to list all spells.
Aiming: Magic Dart (safe; 1% risk of failure)
Press: ? - help, Shift-Dir - straight line, f/p - orc
Aim: an orc, wearing a +0 chain mail and carrying a wand of acid (7) (moderately wounded)
The magic dart hits the orc.
The orc is heavily wounded.
The orc zaps a wand.
The bolt of acid misses you.
An orc wizard comes into view. It is wielding a +0 dagger.
Casting: Magic Dart (safe; 1% risk of failure)
Confirm with . or Enter, or press ? or * to list all spells.
Aiming: Magic Dart (safe; 1% risk of failure)
Press: ? - help, Shift-Dir - straight line, f/p - orc
Aim: an orc, wearing a +0 chain mail and carrying a wand of acid (6) (heavily wounded)
The magic dart hits the orc.
The orc is severely wounded.
The orc wizard shouts!
The orc zaps a wand.
The bolt of acid hits you!
You die...

.# #.# #.#
############ #o#
...........# #.#
.......###.###.#######
.####.....[...........
.# ##.###........#####
.# ### #####..@.>...#
.# ####.###.# .# o# .#
.# .# .# .# .. .# #.
.# . .#### #


You could see an orc wizard and an orc.

Vanquished Creatures
  Pikel (D:4)
  A hippogriff (D:8)
  A hungry ghost (D:5)
  Edmund (D:6)
  A slave (D:4)
  2 ice beasts (D:7)
  A phantom (D:6)
  4 centaurs
  An ogre (D:5)
  A big kobold (Sewer)
  4 bullfrogs
  A wyvern zombie (D:7)
  2 scorpions (D:5)
  5 killer bees (D:7)
  5 wights (D:6)
  A crimson imp (D:5)
  2 howler monkeys
  2 jellies
  3 orc wizards
  5 hounds
  A gnoll shaman (D:5)
  An orc priest (D:6)
  A centaur skeleton (D:8)
  Jessica (D:2)
  2 iguanas
  4 worker ants
  Robin (D:2)
  A howler monkey skeleton (D:5)
  11 adders
  17 gnolls
  4 river rats (Sewer)
  2 shadow imps
  2 oozes
  8 worms
  5 dart slugs
  4 leopard geckos
  14 orcs
  5 giant cockroaches
  12 goblins
  7 hobgoblins
  18 jackals
  22 kobolds
  5 quokkas
  6 ball pythons (Sewer)
  6 bats
  9 frilled lizards
  A jackal zombie (D:6)
  A leopard gecko skeleton (D:5)
  2 quokka zombies (D:5)
  28 rats
245 creatures vanquished.

Notes
Turn   | Place    | Note
-------+----------+-------------------------------------------
     0 | D:1      | Htamos the Kobold Conjurer began the quest for the Orb.
     0 | D:1      | Reached XP level 1. HP: 10/10 MP: 3/3
   152 | D:1      | Reached XP level 2. HP: 5/15 MP: 0/5
   445 | D:1      | Reached skill level 3 in Stealth
   678 | D:1      | Reached XP level 3. HP: 19/19 MP: 4/7
   818 | D:1      | Learned a level 2 spell: Searing Ray
  1407 | D:1      | Reached XP level 4. HP: 24/24 MP: 2/8
  2042 | D:2      | Found a sparkling altar of Nemelex Xobeh.
  2042 | D:2      | Noticed Jessica
  2047 | D:2      | Killed Jessica
  2047 | D:2      | Reached XP level 5. HP: 27/28 MP: 2/10
  2227 | D:2      | Reached skill level 1 in Fighting
  2227 | D:2      | Reached skill level 4 in Stealth
  2436 | D:2      | Noticed Robin
  2517 | D:2      | Killed Robin
  3280 | D:2      | Learned a level 4 spell: Iskenderun's Mystic Blast
  3285 | D:2      | Learned a level 4 spell: Force Lance
  3494 | D:3      | Found a radiant altar of Vehumet.
  3501 | D:3      | Became a worshipper of Vehumet
  3965 | D:3      | Reached XP level 6. HP: 34/34 MP: 9/11
  4028 | D:3      | Found a shattered altar of Ashenzari.
  4101 | D:4      | Found an iron altar of Okawaru.
  4101 | D:4      | Found a deep blue altar of Sif Muna.
  4101 | D:4      | Found a shimmering altar of Xom.
  4101 | D:4      | Found a sparkling altar of Nemelex Xobeh.
  4102 | D:4      | Found a stormy altar of Qazlal.
  4447 | D:4      | HP: 1/35 [gnoll (8)]
  4642 | D:4      | Noticed a slave
  4924 | D:5      | Entered Level 5 of the Dungeon
  4924 | D:5      | Found a glowing drain.
  4985 | D:5      | Gained mutation: Your spells are a little easier to cast,
                  | but a little less powerful. [potion of mutation]
  4985 | D:5      | Gained mutation: Your body sometimes deteriorates upon
                  | taking damage. [potion of mutation]
  4985 | D:5      | Gained mutation: You can translocate small distances at
                  | will. [potion of mutation]
  5168 | Sewer    | Entered a sewer
  5453 | Sewer    | Reached * piety under Vehumet
  5453 | Sewer    | Offered knowledge of Sting by Vehumet.
  5456 | Sewer    | Learned a level 1 spell: Sting
  5563 | Sewer    | Reached XP level 7. HP: 40/40 MP: 8/13
  6121 | Sewer    | Reached ** piety under Vehumet
  6148 | Sewer    | Offered knowledge of Throw Frost by Vehumet.
  6152 | Sewer    | Learned a level 2 spell: Throw Frost
  6175 | Sewer    | Reached skill level 5 in Stealth
  6175 | Sewer    | Reached skill level 5 in Conjurations
  6788 | D:5      | Offered knowledge of Static Discharge by Vehumet.
  7012 | D:5      | Reached skill level 5 in Spellcasting
  7118 | D:5      | Reached XP level 8. HP: 19/46 MP: 3/15
  7435 | D:4      | Found a runed translucent gate.
  7435 | D:4      | Found a runed translucent gate.
  7435 | D:4      | Found a runed translucent gate.
  7436 | D:4      | Noticed bryzzwind's ghost (amateur DrTm)
  7436 | D:4      | Noticed PeSeC's ghost (amateur MiFi)
  7437 | D:4      | Noticed oldnick's ghost (amateur DEWz)
  7441 | D:4      | Noticed EtherCrawl's ghost (amateur TrWr)
  7539 | D:4      | Reached skill level 5 in Dodging
  7764 | D:4      | Reached skill level 6 in Stealth
  8213 | D:4      | Noticed Pikel
  8227 | D:4      | Killed Pikel
  8227 | D:4      | Reached skill level 7 in Stealth
  8687 | D:5      | Found a basalt altar of Yredelemnul.
  8760 | D:5      | Reached XP level 9. HP: 52/52 MP: 12/16
  9067 | D:5      | Reached skill level 5 in Fighting
  9359 | D:6      | Noticed Edmund
  9387 | D:6      | Paralysed by an orc for 6 turns
  9395 | D:6      | Reached skill level 8 in Stealth
  9421 | D:6      | Killed Edmund
  9557 | D:6      | Found a staircase to the Ecumenical Temple.
  9604 | D:6      | Found a shadowy altar of Dithmenos.
  9803 | D:6      | Reached *** piety under Vehumet
 10489 | D:6      | Reached skill level 1 in Polearms
 10828 | D:6      | Found a snail-covered altar of Cheibriados.
 10828 | D:6      | Found a glowing silver altar of Zin.
 11294 | D:7      | Reached skill level 9 in Stealth
 11294 | D:7      | Reached XP level 10. HP: 31/60 MP: 7/17
 11547 | D:7      | Offered knowledge of Sticky Flame by Vehumet.
 11553 | D:7      | Learned a level 4 spell: Sticky Flame
 12505 | D:8      | Reached skill level 1 in Evocations
 12909 | D:8      | Found Ipnohioph's Weapon Emporium.
 13017 | D:8      | Killed from afar by an orc

Skill      XL: |  1  2  3  4  5  6  7  8  9 10 |
---------------+-------------------------------+-----
Stealth        | 3 4 5 7 9 |  9.4
Dodging        | 3 4 6 7 8 |  8.1
Spellcasting   | 3 4 5 |  5.6
Fighting       | 1 2 3 4 6 |  6.6
Conjurations   | 5 6 7 |  7.6
Polearms       | 1 2 |  2.3
Evocations     | 1 |  1.2

Action                   |  1- 3 |  4- 6 |  7- 9 | 10-12 || total
-------------------------+-------+-------+-------+-------++-------
Melee: Spear             |     8 |    41 |   115 |       ||   164
 Cast: Magic Dart        |    73 |   124 |   272 |    69 ||   538
       Searing Ray       |       |    28 |    32 |    12 ||    72
       Iskenderun's Myst |       |     6 |    12 |       ||    18
Evoke: Wand              |       |     1 |     8 |       ||     9
  Use: Scroll            |     2 |     3 |     3 |       ||     8
       Potion            |     1 |     4 |       |       ||     5
 Stab: Paralysed         |       |     2 |    22 |       ||    24
       Sleeping          |       |       |     2 |       ||     2
  Eat: Chunk             |    10 |    14 |    28 |     4 ||    56
       Ration            |       |       |     1 |       ||     1
Armor: Robe              |     2 |     1 |       |       ||     3
       Skin              |       |     1 |     2 |     2 ||     5
Dodge: Dodged            |    21 |    68 |   174 |    51 ||   314
